Map: Abyssal Reef LE

Players

Elazer - Winner!

  • Race: Zerg Zerg
  • League: Master
  • Spawn Location: 5:00

Zerghamdi

  • Race: Zerg Zerg
  • League: Grandmaster
  • Spawn Location: 11:00

Event: WESG Barcelona European Finals 2017

VOD

Have the link to the VOD?

Description

Time

  • Played on: Nov. 23, 2017, 8:11 a.m.
  • Length: 6:13

All games in this series

Show
View Real Time Build Order
Export as new Build Order

Elazer Zerg - Winner!

Build Orders: Pool First 

Get SALT Encoding   

  12  0:17  Spawning Pool  
  11  0:21  Drone  
  11  0:26  Drone  
  13  0:31  Drone  
  14  0:40  Overlord  
  14  1:04  Zergling x4  
  16  1:05  Zergling x2  
  17  1:15  Hatchery  
  17  1:18  Zergling x2  
  17  1:27  Zergling x2  
  18  1:35  Queen  
  18  1:38  Zergling x2  
  21  1:50  Overlord  
  21  1:59  Drone  
  21  2:11  Queen  
  21  2:13  Drone  
  24  2:22  Drone  
  25  2:26  Drone  
  26  2:31  Drone  
  27  2:38  Drone  
  27  2:41  Drone  
  27  2:43  Drone x3  
  32  2:45  Extractor  
  32  2:51  Overlord  
  31  2:57  Drone  
  32  2:59  Drone  
  33  3:06  Zergling x2  
  33  3:10  Drone  
  35  3:16  Zergling x2  
  35  3:17  Drone  
  35  3:18  Drone  
  35  3:19  Overlord  
  38  3:21  Drone x2  
  38  3:23  Queen  
  38  3:25  Drone  
  36  3:49  Zergling x16  
  36  3:50  Metabolic Boost  
  41  4:01  Zergling x2  
  39  4:08  Zergling x4  
  35  4:21  Queen  
  32  4:35  Zergling x8  
  36  4:51  Zergling x2  
  37  4:56  Zergling x2  
  38  5:04  Zergling x4  
  38  5:07  Zergling x2  
  38  5:12  Zergling x2  
  40  5:15  Zergling x2  
  40  5:21  Zergling x2  
  41  5:28  Zergling x2  
  41  5:29  Zergling x2  
  41  5:35  Zergling x4  
  40  5:42  Drone  
  39  5:46  Drone  
  39  5:48  Drone  
  37  5:54  Drone  
  36  6:01  Drone  
Show
View Real Time Build Order
Export as new Build Order

Zerghamdi Zerg 

Build Orders: Pool First 

Get SALT Encoding   

  12  0:17  Spawning Pool  
  11  0:22  Drone  
  11  0:27  Drone  
  13  0:31  Drone  
  14  0:42  Overlord  
  14  1:02  Extractor  
  13  1:05  Zergling x6  
  16  1:16  Zergling x2  
  17  1:24  Hatchery  
  16  1:27  Zergling x2  
  17  1:37  Zergling x2  
  18  1:50  Zergling x2  
  19  2:05  Metabolic Boost  
  19  2:09  Queen  
  21  2:17  Overlord  
  21  2:26  Zergling x2  
  22  2:35  Zergling x4  
  22  2:36  Zergling x2  
  25  2:41  Zergling x2  
  26  2:47  Zergling x2  
  27  2:53  Zergling x2  
  28  2:59  Zergling x2  
  28  3:03  Zergling x2  
  30  3:10  Zergling x2  
  31  3:14  Zergling x2  
  31  3:17  Zergling x4  
  34  3:25  Zergling x4  
  36  3:34  Zergling x4  
  33  3:36  Zergling x2  
  33  3:41  Zergling x2  
  31  3:48  Zergling x2  
  31  3:52  Zergling x2  
  30  3:58  Zergling x2  
  28  4:05  Zergling x2  
  27  4:13  Zergling x4  
  27  4:21  Drone  
  26  4:25  Zergling x2  
  26  4:30  Zergling x2  
  28  4:35  Zergling x2  
  27  4:41  Zergling x2  
  28  4:48  Zergling x2  
  27  4:54  Zergling x2  
  27  4:55  Queen  
  27  4:57  Zergling x4  
  30  5:00  Zergling x2  
  30  5:05  Zergling x2  
  30  5:09  Zergling x2  
  30  5:12  Zergling x2  
  31  5:19  Zergling x2  
  31  5:20  Zergling x2  
  33  5:27  Zergling x2  
  33  5:29  Zergling x2  
  33  5:32  Zergling x2  
  30  5:37  Zergling x2  
  30  5:42  Zergling x2  
  28  5:44  Zergling x2  
  22  5:50  Zergling x2  
Tags
 
Add a new tag
Caveats
  • Supply blocks, unpowered buildings, or Contaminate may cause inaccurate times.
  • Supply counts are checked every 10 seconds.